Unix NetHack Version 5.0.0-0 post-release - last build May 10 2026 23:12:36 (d1fa5d53e341ca933230fdaa984d921c805b60aa,branch:main).

Game began 2026-05-15 10:31:38, ended 2026-05-15 11:03:49.

Drastanta, lawful male human Samurai

                       --------------------------------
                       |.....@..................d@....|
                       |.------|---------.{..------|- |
                       |.|.%%|..|    |.*|---.|     .|
                       |.-.%%|.{|    |"%|  |.|    ((|
                       |.|----------+|.%|  +.|    ((|
                       |.|=...|......--|----.---+---|
                       |.|....|.-+--...).........-..|
                       |.|._..|.|  -|--..{..-|-- |  |
                       |.|....-.|  |..|.--|--..
                       |.|-----%|  |..|.|... ..|
                       |.|...|..-------||...|---
           --------    |.|...-.....|....|...|
           |......+  ##|.|...|.)...|....|...|
           |......|  ##-)-----..%..----------+------- |
           |<.....|   #|....%.........................|
           +......-####--------------------------------
           --------

Drastanta the Ninja    St:14 Dx:15 Co:18 In:11 Wi:10 Ch:8  Lawful
Dlvl:8  $:110 HP:0(69) Pw:25(25) AC:2  Xp:7 T:2913 

Latest messages:
 You hit the small mimic!
 The small mimic hits!
 You hit the small mimic.
 The small mimic hits!
 You hit the small mimic.
 The small mimic hits!
 What do you want to drink? [kou or ?*] ?
 You feel better.
 You hit the small mimic!
 The small mimic misses!
 You kill the small mimic!
 Welcome to experience level 7.
 You see here a small mimic corpse (no charge).
 You see here a triangular amulet (for sale, 200 zorkmids).
 You hear a chugging sound.
 You do not owe Aklavik anything.
 You see here a small mimic corpse (no charge).
 You see here an aklys.
 The ghoul hits!
 The ghoul hits again!
 You hit the ghoul!
 The ghoul hits!
 The ghoul hits again!
 You hit the ghoul.
 You destroy the ghoul!
 The winter wolf cub breathes frost!
 The blast of frost hits you!
 The winter wolf cub breathes frost!
 The blast of frost hits you!
 The blast of frost bounces!
 c - a +0 yumi (weapon in right hand).
 a - a rusty +0 katana (alternate weapon; not wielded).
 The winter wolf cub breathes frost!
 The blast of frost hits you!
 a - a rusty +0 katana (weapon in right hand).
 c - a +0 yumi (alternate weapon; not wielded).
 The winter wolf cub bites!
 You hit the winter wolf cub!
 The winter wolf cub bites!
 You miss the winter wolf cub.
 The winter wolf cub bites!
 You miss the winter wolf cub.
 The winter wolf cub bites!
 You hit the winter wolf cub.
 The winter wolf cub bites!
 You miss the winter wolf cub.
 The winter wolf cub bites!
 You die...
 Do you want your possessions identified? [ynq] (y) y
 Do you want to see your attributes? [ynq] (y) q

Inventory:
 Coins    ('$')
  $ - 110 gold pieces
 Weapons  (')')
  d - 27 +0 ya (in quiver)
  c - a +0 yumi (alternate weapon; not wielded)
  a - a rusty +0 katana (weapon in right hand)
  b - a blessed +0 wakizashi
 Armor    ('[')
  v - an uncursed +0 pair of iron shoes (being worn)
  x - an uncursed +0 dwarvish cloak (being worn)
  e - an uncursed rustproof +0 splint mail (being worn)
 Comestibles  ('%')
  l - 2 uncursed gunyoki
 Scrolls  ('?')
  r - an uncursed scroll of destroy armor
  h - an uncursed scroll of enchant armor
  g - an uncursed scroll of identify
  f - an uncursed scroll of light
  m - an uncursed scroll of remove curse
  A - a blessed scroll of teleportation
 Potions  ('!')
  o - an uncursed potion of levitation
  u - an uncursed potion of sake
 Wands    ('/')
  y - a wand of striking (0:5)
  s - a wand of striking (0:2)
 Tools    ('(')
  n - an uncursed skeleton key
  w - an uncursed tin whistle

Drastanta the Samurai's attributes:

Background:
 You were a Ninja, a level 7 male human Samurai.
 You were lawful, on a mission for Amaterasu Omikami
 who was opposed by Raijin (neutral) and Susanowo (chaotic).
 You were right-handed.
 You were in the Gnomish Mines, on level 8.
 You entered the dungeon 2913 turns ago.
 You had 664 experience points, 616 more were needed to attain level 8.

Basics:
 You had 0 out of 69 hit points.
 You had all 25 energy points (spell power).
 Your armor class was 2.
 Your wallet contained 110 zorkmids.
 Autopickup was off.

Final Characteristics:
 Your strength was 14 (limit:18/100).
 Your dexterity was 15 (limit:18).
 Your constitution was 18 (limit:18).
 Your intelligence was 11 (limit:18).
 Your wisdom was 10 (limit:18).
 Your charisma was 8 (limit:18).

Final Status:
 You weren't hungry.
 You were unencumbered.
 You were wielding a long sword.
 You had basic skill with long sword and could have enhanced that.

Final Attributes:
 You were piously aligned.
 Your items were somewhat protected from fire.
 Your items were somewhat protected from cold.
 You were telepathic.
 You were warded.
 You were fast.
 You are dead.

Miscellaneous:
 You didn't encounter any bones levels.
 Total elapsed playing time was 32 minutes and 11 seconds.

Major events:
 Turn
    1: Drastanta the lawful male human Samurai entered the dungeon
  869: attained the rank of Ronin (level 3)
 1017: entered the Gnomish Mines
 2324: attained the rank of Ninja (level 6)
 2685: reached Mine Town
 2913: killed by a winter wolf cub

You didn't know any spells.

Skills:
 Fighting Skills
   martial arts      [Basic]
   two weapon combat [Unskilled]
   riding            [Unskilled]
 Weapon Skills
   dagger            [Unskilled]
   knife             [Unskilled]
   short sword       [Basic]
   broadsword        [Unskilled]
   long sword        [Basic]
   two-handed sword  [Unskilled]
   saber             [Unskilled]
   flail             [Unskilled]
   quarterstaff      [Unskilled]
   polearms          [Unskilled]
   spear             [Unskilled]
   lance             [Unskilled]
   bow               [Basic]
   shuriken          [Unskilled]
 Spellcasting Skills
   attack spells     [Unskilled]
   divination spells [Unskilled]
   clerical spells   [Unskilled]

Voluntary challenges:
 Character rerolling was not enabled.
 You never genocided any monsters.
 You never polymorphed an object.
 You never changed form.
 You used no wishes.
Achievements:
 You attained the rank of Ronin.
 You entered the Gnomish Mines.
 You attained the rank of Ninja.
 You entered Minetown.
 You entered a shop.
 You entered a temple.

 The Dungeons of Doom: levels 1 to 5
    Level 1:
    Level 2:
       A fountain.
    Level 3:
       A fountain.
    Level 4:
       Stairs down to The Gnomish Mines.
    Level 5:
 The Gnomish Mines: levels 5 to 8
    Level 5:
    Level 6:
    Level 7:
    Level 8: <- You were here.
       Some shops, a temple and an altar, some fountains, a sink.
       Final resting place for
          you, killed by a winter wolf cub.


Vanquished creatures:
  a small mimic
  a rock piercer
  2 rock moles
  5 gnome leaders
  3 gnomish wizards
  a ghoul
  3 little dogs
  a floating eye
  a kitten
  2 dwarves
  a giant bat
  4 monkeys
  3 acid blobs
  4 coyotes
  3 hobbits
  6 manes
  a large kobold
  a giant rat
  a cave spider
  2 brown molds
  a yellow mold
  a green mold
 30 gnomes
 10 garter snakes
  2 gnome zombies
  a gecko
  3 jackals
  2 goblins
  6 grid bugs
  3 bats
  3 lichens
  3 newts
111 creatures vanquished.

No species were genocided or became extinct.

Game over:
                       ----------
                      /          \
                     /    REST    \
                    /      IN      \
                   /     PEACE      \
                  /                  \
                  |    Drastanta     |
                  |      110 Au      |
                  |   killed by a    |
                  | winter wolf cub  |
                  |                  |
                  |                  |
                  |       2026       |
                 *|     *  *  *      | *
        _________)/\\_//(\/(/\)/\//\/|_)_______

Sayonara Drastanta the Samurai...

You died in The Gnomish Mines on dungeon level 8 with 3105 points,
and 110 pieces of gold, after 2913 moves.
You were level 7 with a maximum of 69 hit points when you died.

